Map: Lerilak Crest

Players

BANOUN

  • Race: Terran Terran
  • League: Bronze

PrinsKarnati - Winner!

  • Race: Protoss Protoss
  • League: Silver

VOD

Have the link to the VOD?

Description

Time

  • Played on: Dec. 17, 2015, 2:17 p.m.
  • Length: 10:08
Show
View Real Time Build Order
Export as new Build Order

BANOUN Terran 

Build Orders:  

Get SALT Encoding   

  12  0:01  SCV  
  13  0:14  Supply Depot  
  13  0:18  SCV  
  14  0:31  SCV  
  15  0:37  Barracks  
  15  0:43  SCV  
  15  0:46  Refinery  
  16  0:56  SCV  
  17  1:08  SCV  
  18  1:24  Orbital Command  
  18  1:25  Supply Depot  
  18  1:31  Barracks  
  18  1:35  Marine  
  19  1:44  Barracks  
  19  1:53  Marine  
  20  2:00  SCV  
  20  2:01  Refinery  
  21  2:12  SCV  
  22  2:17  Factory  
  22  2:30  SCV  
  23  2:49  Marine x2  
  25  2:53  Marine  
  25  2:56  SCV  
  25  2:57  Command Center  
  27  3:08  SCV  
  27  3:10  Marine x2  
  30  3:13  Bunker  
  30  3:25  Supply Depot  
  30  3:30  SCV  
  31  3:46  Widow Mine  
  31  3:47  Marine x3  
  36  3:49  Engineering Bay  
  36  3:57  SCV  
  37  4:05  Engineering Bay  
  37  4:08  Starport  
  30  4:39  Missile Turret  
  30  4:58  Missile Turret  
  30  5:05  Marine x2  
  30  5:06  Marine  
  33  5:17  Terran Infantry Weapons Level 1, Supply Depot  
  33  5:18  Terran Infantry Armor Level 1  
  33  5:22  SCV  
  33  5:23  Marine x3  
  33  5:25  Orbital Command  
  37  5:32  Refinery  
  37  5:43  Supply Depot  
  36  6:00  Marine x2  
  36  6:01  Marine  
  36  6:02  Medivac  
  41  6:25  Barracks  
  41  6:28  Barracks  
  41  6:29  Barracks  
  41  6:31  Barracks Tech Lab  
  41  6:32  Barracks Reactor  
  41  6:40  SCV  
  41  6:41  SCV  
  41  6:44  Barracks Tech Lab  
  43  6:53  SCV x2  
  45  6:58  Supply Depot  
  45  7:07  Marauder x2  
  49  7:18  SCV x2  
  49  7:21  Marine x2  
  53  7:24  Barracks Reactor  
  53  7:25  Barracks Reactor  
  53  7:26  Barracks Reactor  
  53  7:30  Starport Reactor  
  53  7:32  SCV  
  53  7:33  SCV  
  55  7:39  Supply Depot  
  55  7:50  SCV x2  
  57  7:52  Marauder  
  57  7:53  Marauder  
  57  7:55  Marine  
  62  8:09  Supply Depot  
  60  8:28  SCV x2  
  60  8:29  Bunker  
  62  8:34  Supply Depot  
  62  8:38  Marine, Marauder x2  
  62  8:40  SCV x2  
  69  8:58  SCV x2  
  71  9:05  Marauder x2  
  71  9:06  Marine  
  76  9:10  SCV x2  
  76  9:13  Supply Depot  
  76  9:22  Marine x5  
  76  9:23  Marine  
  80  9:26  Marauder  
  65  9:41  Marine  
  65  9:42  Marine x6  
  65  9:43  Marine  
Show
View Real Time Build Order
Export as new Build Order

PrinsKarnati Protoss - Winner!

Build Orders: Oracle Opening 

Get SALT Encoding   

  12  0:01  Probe (Chrono Boost)  
  13  0:13  Pylon  
  13  0:17  Probe (Chrono Boost)  
  14  0:31  Gateway  
  14  0:33  Probe (Chrono Boost)  
  15  0:42  Assimilator  
  15  0:44  Probe (Chrono Boost)  
  16  0:55  Probe (Chrono Boost)  
  17  0:58  Assimilator  
  17  1:05  Probe (Chrono Boost)  
  17  1:11  Pylon  
  18  1:16  Probe (Chrono Boost)  
  19  1:22  Cybernetics Core  
  19  1:27  Probe (Chrono Boost)  
  20  1:39  Probe (Chrono Boost)  
  21  1:47  Pylon  
  21  1:49  Probe (Chrono Boost)  
  22  1:59  Sentry  
  24  2:06  Stargate  
  24  2:12  Probe (Chrono Boost)  
  24  2:47  Nexus  
  24  2:52  Oracle (Chrono Boost)  
  27  3:00  Warp Gate (Chrono Boost)  
  27  3:02  Gateway  
  27  3:13  Gateway  
  27  3:21  Probe  
  28  3:27  Oracle  
  28  3:32  Adept  
  33  3:40  Pylon  
  33  3:44  Probe  
  34  3:54  Pylon  
  34  4:02  Probe  
  34  4:03  Probe  
  36  4:37  Probe  
  36  4:39  Probe  
  38  4:47  Assimilator  
  38  4:51  Assimilator  
  38  4:59  Adept  
  40  5:00  Adept x2  
  44  5:18  Probe  
  44  5:19  Probe  
  46  5:28  Probe  
  46  5:31  Stalker x3, Probe  
  54  5:46  Pylon  
  54  5:58  Probe  
  54  5:59  Mothership Core  
  57  6:09  Probe  
  58  6:16  Gateway  
  58  6:17  Gateway  
  58  6:18  Gateway  
  58  6:20  Probe  
  58  6:21  Gateway  
  58  6:22  Adept x2  
  58  6:23  Adept  
  65  6:35  Forge  
  65  6:42  Twilight Council  
  65  6:44  Probe  
  65  6:45  Probe  
  67  6:51  Zealot x3  
  73  6:54  Pylon x2  
  73  6:59  Probe  
  73  7:00  Probe  
  75  7:08  Protoss Ground Weapons Level 1 (Chrono Boost)  
  75  7:19  Zealot x3  
  75  7:20  Zealot x3  
  87  7:25  Probe  
  87  7:26  Probe  
  89  7:32  Pylon  
  89  7:45  Sentry x2  
  89  7:49  Pylon  
  93  7:52  Gateway  
  93  8:19  Probe  
  93  8:21  Probe  
  93  8:26  Charge (Chrono Boost)  
  95  8:33  Probe x2  
  97  8:37  Pylon  
  97  8:39  Pylon  
  97  8:40  Pylon  
  97  8:46  Robotics Facility  
  97  8:49  Robotics Facility  
  97  8:56  Zealot x3  
  97  8:57  Zealot x4  
  83  9:42  Adept x5  
  83  9:43  Adept x2  
Tags
 
Add a new tag
Caveats
  • Supply blocks, unpowered buildings, or Contaminate may cause inaccurate times.
  • Supply counts are checked every 10 seconds.